 Dungeon Sprint DCSS version 0.17-a0-2127-g1cb09f6 (webtiles) character file.

47799 Kidiri the Imperceptible (level 13, -19/55 HPs)
             Began as a Spriggan Enchanter on Oct 23, 2015.
             Was the Champion of Dithmenos.
             Demolished by an azure jelly (36 damage)
             ... in the Dungeon (Sprint III: "The Ten Rune Challenge").
             The game lasted 00:27:47 (6801 turns).

Kidiri the Imperceptible (Spriggan Enchanter)       Turns: 6801, Time: 00:27:47

Health: -19/55     AC: 10    Str:  6    XL:     13   Next: 44%
Magic:  21/35      EV: 36    Int: 18    God:    Dithmenos [******]
Gold:   2005       SH:  0    Dex: 20    Spells: 10 memorised, 17 levels left

rFire  . . .     SeeInvis +     b - +1 dagger "Pumerym" {speed, rPois rC- Str+2}
rCold  . . .     Clarity  +     D - +2 robe {rC+}
rNeg   . . .     SustAt   .     (shield restricted)
rPois  +         Gourm    .     L - +2 hat {SInv}
rElec  .         Spirit   .     o - +2 cloak
rCorr  .         Warding  .     (gloves unavailable)
rMut   .         NoTele   +     (boots unavailable)
MR     ++...                    (no amulet)
Stlth  ++++++++++               (no ring)
                                (no ring)

@: wreathed by umbra, very quick, very resistant to hostile enchantments,
uncannily stealthy
A: unfitting armour, see invisible, clarity, herbivore 3, speed 3, slow
metabolism 2, wild magic 1, MP-powered wands
a: Shadow Step, Shadow Form, Renounce Religion
}: 1/10 runes: serpentine


You were in the Dungeon.
You worshipped Dithmenos.
Dithmenos was exalted by your worship.
You were not hungry.

You visited 1 branch You collected 3050 gold pieces.
You spent 1045 gold pieces at shops.

Inventory:

Hand Weapons
 a - a +0 dagger
 b - the +1 dagger "Pumerym" (weapon) {speed, rPois rC- Str+2}
   (You bought it in a shop in the Dungeon)

   Attacks with this weapon are significantly faster.
   It affects your strength (+2).
   It makes you vulnerable to cold.
   It protects you from poison.
 m - a +0 long sword
 n - a +0 long sword
 r - a +0 long sword
 s - a +0 long sword
Missiles
 M - 9 throwing nets (quivered)
Armour
 d - a +0 ring mail
 o - a +2 cloak (worn)
 p - a +0 scale mail
 y - a +0 chain mail
 D - a +2 robe of cold resistance (worn)
 L - a +2 hat of see invisible (worn)
Wands
 l - a wand of teleportation (4)
Scrolls
 e - a scroll of enchant weapon
 j - 2 scrolls of blinking
 k - 2 scrolls of remove curse
 q - a scroll of torment
 v - 2 scrolls of holy word
Potions
 c - a potion of berserk rage
 f - a potion of heal wounds
 g - a potion of haste
 i - a potion of might
 u - a potion of cancellation
 w - a potion of cure mutation
 x - a potion of flight
 J - 3 potions of curing
Comestibles
 t - 30 royal jellies
 A - 5 fruits


   Skills:
 * Level 15.5 Short Blades
 + Level 8.0 Armour
 * Level 19.6 Dodging
 * Level 21.0 Stealth
 * Level 17.0 Spellcasting
 + Level 7.9 Conjurations
 + Level 12.9 Hexes
 + Level 3.2 Transmutations
 + Level 8.9 Ice Magic
 + Level 2.1 Earth Magic
 - Level 9.3 Invocations


You had 17 spell levels left.
You knew the following spells:

 Your Spells              Type           Power        Failure   Level  Hunger
a - Corona                Hex            #######      1%          1    None
b - Ensorcelled Hibernat  Hex/Ice        ######       1%          2    None
c - Confuse               Hex            #######.     1%          3    None
d - Tukima's Dance        Hex            #######.     1%          3    None
e - Dazzling Spray        Conj/Hex       ######..     1%          3    None
f - Stoneskin             Trmt/Erth      #####...     5%          2    None
g - Stone Arrow           Conj/Erth      ######       4%          3    None
h - Passwall              Trmt/Erth      #####.....   11%         3    None
i - Petrify               Trmt/Erth      #####...     30%         4    None
j - Lee's Rapid Deconstr  Erth           ####......   69%         5    ###....


Dungeon Overview and Level Annotations

Branches:
Dungeon (1/1)

Altars:
Cheibriados
Dithmenos
Elyvilon
Fedhas
Gozag
Kikubaaqudgha
Makhleb
Nemelex Xobeh
Okawaru
Qazlal
Ru
Sif Muna
Trog
Vehumet
Xom
Yredelemnul
Zin
The Shining One
Jiyva
Lugonu

Shops:
D :?(!(:%

Annotations:
D Lernaean hydra


Innate Abilities, Weirdness & Mutations

You are tiny and cannot use many weapons and most armour.
You have supernaturally acute eyesight.
You are a herbivore.
You cover ground extremely quickly.
You need consume almost no food.
You possess an exceptional clarity of mind.
Your spells are a little harder to cast, but a little more powerful.
You expend magic power (3 MP) to strengthen your wands.


Message History

Ouch! That really hurt!
You emit a cloud of dark smoke.
The azure jelly completely misses you. The azure jelly completely misses you.
The azure jelly misses you.
You hit the azure jelly but do no damage.
The azure jelly is severely wounded.
Unknown command.
Drink which item? (? for menu, Esc to quit)
Magic courses through your body.
The azure jelly jiggles.
Casting: Dazzling Spray
Confirm with . or Enter, or press ? or * to list all spells.
Aiming: Dazzling Spray
Press: ? - help, Shift-Dir - straight line, f/p - azure jelly
Aim: an azure jelly (severely wounded, umbra)
The spray of energy misses the azure jelly.
Your shadow mimicks your spell!
The shadow shard misses the azure jelly.
The azure jelly hits you. The azure jelly freezes you!!!
Ouch! That really hurt!
You die...

.J+≈≈...########♣♣ ♣♣.##.##..#≈..
..#≈≈≈......J....♣ ♣♣.##.#####...
..#≈≈≈≈..........♣ ♣.....##......
#############'#############+#####
#...........###.♣♣
#.........§§§##♣.♣ ###########§§#
♣.♣♣ ##........§§§# ♣♣.♣
#...@J....§.## ♣.♣♣ #..##########
♣.♣♣ #...........## ♣..♣♣#
##...........# ♣♣.♣♣.
##########..# ♣♣.♣♣
##...........# ♣♣..♣♣
#∩..........## ♣.....
#∩.########### ♣.....
#∩...........# ♣.♣..≈


You could see an azure jelly.

Vanquished Creatures
  Rupert (D)
  Gastronok (D)
  An azure jelly (D)
  A greater naga (D)
  Maud (D)
  A deep elf demonologist (D)
  2 dire elephants (D)
  Erolcha (D)
  2 hydras (D)
  A naga warrior (D)
  An anaconda (D)
  4 death yaks (D)
  An orc high priest (D)
  A deep elf knight (D)
  A death drake (D)
  4 swamp dragons (D)
  A lindwurm (D)
  3 deep elf summoners (D)
  2 deep elf conjurers (D)
  6 black mambas (D)
  2 elephants (D)
  A guardian serpent (D)
  2 spiny frogs (D)
  A komodo dragon (D)
  A fire drake (D)
  A queen bee (D)
  A deep elf priest (D)
  3 wandering mushrooms (D)
  2 trapdoor spiders (D)
  8 blink frogs (D)
  4 redbacks (D)
  2 spriggans (D)
  A shadow (D)
  A spatial vortex (D)
  2 hill giants (D)
  2 nagas (D)
  4 water moccasins (D)
  4 orc warriors (D)
  3 swamp drakes (D)
  A necrophage (D)
  2 brain worms (D)
  A two-headed ogre (D)
  A water elemental (D)
  32 killer bees (D)
  An electric eel (D)
  5 orc priests (D)
  A wizard (D)
  A jelly (D)
  Crazy Yiuf (D)
  Jessica (D)
  A necromancer (D)
  2 orc wizards (D)
  3 humans (D)
  A kobold demonologist (D)
  4 adders (D)
  An ooze (D)
  5 orcs (D)
  A kobold (D)
  A rat (D)
  12 plants (D)
159 creatures vanquished.

Vanquished Creatures (collateral kills)
  A spriggan druid (D)
  2 two-headed ogres (D)
3 creatures vanquished.

Vanquished Creatures (others)
  2 draconian scorchers (D)
  3 yaktaurs (D)
  5 plants (D)
10 creatures vanquished.

Grand Total: 172 creatures vanquished

Notes
Turn   | Place    | Note
--------------------------------------------------------------
     0 | D        | Kidiri the Spriggan Enchanter began the quest for the Orb.
     0 | D        | Reached XP level 1. HP: 9/9 MP: 5/5
    47 | D        | Noticed Jessica
    54 | D        | Killed Jessica
    54 | D        | Reached skill level 1 in Armour
    54 | D        | Reached skill level 6 in Stealth
    54 | D        | Reached XP level 2. HP: 13/13 MP: 6/8
    54 | D        | Reached XP level 3. HP: 16/16 MP: 6/9
    66 | D        | Learned a level 2 spell: Ensorcelled Hibernation
    70 | D        | Learned a level 3 spell: Confuse
    74 | D        | Learned a level 3 spell: Dazzling Spray
   104 | D        | Noticed Crazy Yiuf
   184 | D        | Killed Crazy Yiuf
   184 | D        | Reached skill level 5 in Dodging
   184 | D        | Reached skill level 1 in Ice Magic
   213 | D        | Killed a white draconian scorcher
   235 | D        | Killed a white draconian scorcher
   271 | D        | Reached skill level 5 in Spellcasting
   271 | D        | Reached XP level 4. HP: 21/21 MP: 7/12
   272 | D        | Killed a yaktaur
   296 | D        | Learned a level 3 spell: Tukima's Dance
   300 | D        | Gained mutation: You possess an exceptional clarity of mind. [potion of mutation]
   300 | D        | Gained mutation: Your spells are a little harder to cast, but a little more powerful. [potion of mutation]
   301 | D        | Gained mutation: You have a pair of small horns on your head. [potion of mutation]
   301 | D        | Lost mutation: You have a pair of small horns on your head. [potion of mutation]
   301 | D        | Gained mutation: You expend magic power (3 MP) to strengthen your wands. [potion of mutation]
   320 | D        | Noticed a water elemental
   322 | D        | Killed a water elemental
   322 | D        | Reached skill level 7 in Stealth
   322 | D        | Reached skill level 1 in Conjurations
   322 | D        | Reached skill level 5 in Hexes
   332 | D        | Noticed a jelly
   333 | D        | Noticed a shadow
   338 | D        | Killed a jelly
   338 | D        | Reached skill level 5 in Short Blades
   338 | D        | Reached skill level 8 in Stealth
   338 | D        | Reached XP level 5. HP: 22/24 MP: 6/14
   375 | D        | Killed a shadow
   375 | D        | Reached skill level 9 in Stealth
   375 | D        | Reached XP level 6. HP: 19/28 MP: 0/17
   547 | D        | Found a stormy altar of Qazlal.
   548 | D        | Found a sacrificial altar of Ru.
   548 | D        | Found a burning altar of Makhleb.
   548 | D        | Found a viscous altar of Jiyva.
   548 | D        | Found a shimmering altar of Xom.
   548 | D        | Found a shadowy altar of Dithmenos.
   548 | D        | Found a sparkling altar of Nemelex Xobeh.
   548 | D        | Found a corrupted altar of Lugonu.
   548 | D        | Found an opulent altar of Gozag.
   548 | D        | Noticed a spatial vortex
   552 | D        | Became a worshipper of Dithmenos the Shadowed
   572 | D        | Killed a spatial vortex
   572 | D        | Reached skill level 10 in Stealth
   572 | D        | Reached skill level 1 in Invocations
   689 | D        | Found a radiant altar of Vehumet.
   690 | D        | Found a deep blue altar of Sif Muna.
   690 | D        | Found an ancient bone altar of Kikubaaqudgha.
   690 | D        | Noticed a wizard
   697 | D        | Killed a wizard
   697 | D        | Reached * piety under Dithmenos
   780 | D        | Found a glowing silver altar of Zin.
   781 | D        | Found a glowing golden altar of the Shining One.
   781 | D        | Found a white marble altar of Elyvilon.
   781 | D        | Noticed a deep elf priest
   784 | D        | Killed a deep elf priest
   784 | D        | Reached skill level 11 in Stealth
   784 | D        | Reached XP level 7. HP: 32/32 MP: 17/19
   831 | D        | Found an iron altar of Okawaru.
   832 | D        | Found a bloodstained altar of Trog.
   832 | D        | Noticed a human
   832 | D        | Noticed a human
   834 | D        | Killed a human
   834 | D        | Reached skill level 10 in Dodging
   835 | D        | Killed a human
   854 | D        | Found a snail-covered altar of Cheibriados.
   854 | D        | Noticed a necrophage
   855 | D        | Found a basalt altar of Yredelemnul.
   855 | D        | Found a blossoming altar of Fedhas.
   855 | D        | Noticed a necromancer
   856 | D        | Killed a necrophage
   856 | D        | Reached ** piety under Dithmenos
   856 | D        | Reached XP level 8. HP: 36/36 MP: 22/22
   857 | D        | Killed a necromancer
   911 | D        | Noticed a two-headed ogre
   911 | D        | Noticed a two-headed ogre
   916 | D        | Killed a two-headed ogre
   917 | D        | Noticed a two-headed ogre
   922 | D        | Killed a two-headed ogre
   922 | D        | Reached *** piety under Dithmenos
   922 | D        | Reached skill level 12 in Stealth
   923 | D        | Killed a two-headed ogre
   943 | D        | Noticed a hill giant
   946 | D        | Killed a hill giant
  1030 | D        | Noticed a hill giant
  1030 | D        | Noticed Erolcha
  1032 | D        | Killed Erolcha
  1032 | D        | Reached skill level 13 in Stealth
  1032 | D        | Reached skill level 10 in Spellcasting
  1032 | D        | Reached XP level 9. HP: 39/39 MP: 22/24
  1033 | D        | Killed a hill giant
  1033 | D        | Reached **** piety under Dithmenos
  1142 | D        | Noticed a redback
  1146 | D        | Killed a redback
  1196 | D        | Noticed a trapdoor spider
  1197 | D        | Killed a trapdoor spider
  1203 | D        | Noticed a trapdoor spider
  1210 | D        | Killed a trapdoor spider
  1309 | D        | Noticed a killer bee
  1309 | D        | Noticed a killer bee
  1309 | D        | Noticed a killer bee
  1310 | D        | Noticed a killer bee
  1310 | D        | Noticed a killer bee
  1310 | D        | Noticed a killer bee
  1310 | D        | Noticed a killer bee
  1310 | D        | Noticed a killer bee
  1310 | D        | Noticed a killer bee
  1310 | D        | Noticed a killer bee
  1310 | D        | Noticed a killer bee
  1310 | D        | Noticed a killer bee
  1310 | D        | Noticed a killer bee
  1310 | D        | Noticed a killer bee
  1310 | D        | Noticed a killer bee
  1310 | D        | Noticed a killer bee
  1310 | D        | Noticed a killer bee
  1310 | D        | Noticed a killer bee
  1310 | D        | Noticed a queen bee
  1310 | D        | Noticed a killer bee
  1310 | D        | Noticed a killer bee
  1310 | D        | Noticed a killer bee
  1310 | D        | Noticed a killer bee
  1310 | D        | Noticed a killer bee
  1310 | D        | Noticed a killer bee
  1310 | D        | Noticed a killer bee
  1310 | D        | Noticed a killer bee
  1310 | D        | Noticed a killer bee
  1310 | D        | Noticed a killer bee
  1310 | D        | Noticed a killer bee
  1310 | D        | Noticed a killer bee
  1310 | D        | Noticed a killer bee
  1310 | D        | Noticed a killer bee
  1311 | D        | Killed a killer bee
  1313 | D        | Killed a killer bee
  1316 | D        | Killed a killer bee
  1316 | D        | Reached ***** piety under Dithmenos
  1318 | D        | Killed a killer bee
  1318 | D        | Reached skill level 10 in Short Blades
  1318 | D        | Reached skill level 14 in Stealth
  1321 | D        | Killed a killer bee
  1323 | D        | Killed a killer bee
  1325 | D        | Killed a killer bee
  1327 | D        | Killed a killer bee
  1329 | D        | Killed a killer bee
  1470 | D        | Killed a killer bee
  1473 | D        | Killed a killer bee
  1475 | D        | Killed a killer bee
  1477 | D        | Killed a killer bee
  1479 | D        | Killed a killer bee
  1479 | D        | Reached skill level 5 in Ice Magic
  1479 | D        | Reached skill level 5 in Invocations
  1481 | D        | Killed a killer bee
  1483 | D        | Killed a killer bee
  1485 | D        | Killed a killer bee
  1487 | D        | Killed a killer bee
  1626 | D        | Killed a killer bee
  1630 | D        | Killed a killer bee
  1630 | D        | Killed a killer bee
  1630 | D        | Reached ****** piety under Dithmenos
  1634 | D        | Killed a killer bee
  1634 | D        | Killed a killer bee
  1642 | D        | Killed a killer bee
  1644 | D        | Killed a killer bee
  1646 | D        | Killed a killer bee
  1648 | D        | Killed a killer bee
  1648 | D        | Reached XP level 10. HP: 28/44 MP: 0/26
  1663 | D        | Killed a killer bee
  1883 | D        | Killed a killer bee
  1886 | D        | Killed a killer bee
  1888 | D        | Killed a killer bee
  1891 | D        | Killed a killer bee
  1896 | D        | Killed a queen bee
  2013 | D        | Noticed a wandering mushroom
  2014 | D        | Noticed a wandering mushroom
  2014 | D        | Noticed a wandering mushroom
  2016 | D        | Killed a wandering mushroom
  2028 | D        | Killed a wandering mushroom
  2028 | D        | Reached skill level 5 in Armour
  2166 | D        | Killed a wandering mushroom
  2197 | D        | Killed a yaktaur
  2403 | D        | Noticed a spiny frog
  2403 | D        | Noticed a komodo dragon
  2403 | D        | Noticed a spiny frog
  2405 | D        | Killed a spiny frog
  2405 | D        | Reached skill level 15 in Stealth
  2405 | D        | Reached skill level 5 in Conjurations
  2408 | D        | Killed a komodo dragon
  2412 | D        | Killed a spiny frog
  2448 | D        | Noticed a redback
  2450 | D        | Killed a redback
  2451 | D        | Noticed a brain worm
  2455 | D        | Killed a brain worm
  2460 | D        | Noticed a brain worm
  2462 | D        | Killed a brain worm
  2468 | D        | Noticed a lindwurm
  2470 | D        | Noticed a redback
  2471 | D        | Killed a lindwurm
  2473 | D        | Killed a redback
  2478 | D        | Noticed a redback
  2479 | D        | Killed a redback
  2480 | D        | Noticed Maud
  2501 | D        | Killed Maud
  2501 | D        | Reached skill level 15 in Dodging
  2501 | D        | Reached skill level 16 in Stealth
  2501 | D        | Reached XP level 11. HP: 33/47 MP: 20/29
  2597 | D        | Noticed an electric eel
  2598 | D        | Noticed a five-headed hydra
  2598 | D        | Noticed an eight-headed hydra
  2599 | D        | Killed an electric eel
  2609 | D        | Killed an eight-headed hydra
  2609 | D        | Reached skill level 10 in Hexes
  2613 | D        | Killed a five-headed hydra
  2652 | D        | Noticed a death drake
  2654 | D        | Killed a death drake
  2677 | D        | Found a blossoming altar of Fedhas.
  2677 | D        | Noticed a spriggan
  2677 | D        | Noticed a spriggan druid
  2677 | D        | Noticed a spriggan
  2683 | D        | Killed a spriggan
  2689 | D        | Killed a spriggan druid
  2689 | D        | Reached skill level 17 in Stealth
  2696 | D        | Killed a spriggan
  2889 | D        | Noticed a swamp drake
  2889 | D        | Noticed a swamp dragon
  2891 | D        | Killed a swamp drake
  2897 | D        | Noticed a swamp dragon
  2899 | D        | Noticed a swamp drake
  2900 | D        | Noticed a swamp dragon
  2903 | D        | Killed a swamp dragon
  2905 | D        | Noticed a swamp dragon
  2907 | D        | Killed a swamp dragon
  2909 | D        | Killed a swamp dragon
  3078 | D        | Killed a swamp dragon
  3079 | D        | Found Imufee's Antique Weapon Emporium.
  3079 | D        | Found Fonoegye's Book Shop.
  3079 | D        | Found Tepnich's Food Shoppe.
  3082 | D        | Killed a swamp drake
  3533 | D        | Noticed a four-headed hydra
  3533 | D        | Noticed the 27-headed Lernaean hydra
  3594 | D        | Noticed a swamp drake
  3594 | D        | Noticed a fire drake
  3595 | D        | Killed a fire drake
  3597 | D        | Killed a swamp drake
  3603 | D        | Noticed a blink frog
  3603 | D        | Noticed a blink frog
  3604 | D        | Noticed a blink frog
  3604 | D        | Noticed a blink frog
  3604 | D        | Noticed a blink frog
  3605 | D        | Killed a blink frog
  3606 | D        | Killed a blink frog
  3608 | D        | Killed a blink frog
  3611 | D        | Killed a blink frog
  3612 | D        | Killed a blink frog
  3653 | D        | Noticed Rupert
  3658 | D        | Killed Rupert
  3658 | D        | Reached skill level 18 in Stealth
  3658 | D        | Reached XP level 12. HP: 51/51 MP: 26/31
  3683 | D        | Noticed a death yak
  3684 | D        | Noticed a blink frog
  3684 | D        | Noticed a death yak
  3685 | D        | Noticed a blink frog
  3688 | D        | Noticed a death yak
  3688 | D        | Noticed a death yak
  3690 | D        | Noticed a blink frog
  3693 | D        | Killed a death yak
  3693 | D        | Reached skill level 15 in Spellcasting
  3698 | D        | Killed a death yak
  3851 | D        | Noticed a black mamba
  3852 | D        | Noticed a black mamba
  3855 | D        | Killed a blink frog
  3857 | D        | Killed a black mamba
  3866 | D        | Killed a blink frog
  3870 | D        | Killed a black mamba
  3873 | D        | Killed a blink frog
  3895 | D        | Killed a death yak
  3898 | D        | Killed a death yak
  3898 | D        | Reached skill level 19 in Stealth
  3980 | D        | Noticed an azure jelly
  3980 | D        | Noticed an azure jelly
  4049 | D        | Noticed a black mamba
  4054 | D        | Killed a black mamba
  4071 | D        | Noticed an anaconda
  4078 | D        | Killed an anaconda
  4124 | D        | Noticed a black mamba
  4124 | D        | Noticed a water moccasin
  4124 | D        | Noticed a water moccasin
  4124 | D        | Noticed a water moccasin
  4124 | D        | Noticed a black mamba
  4124 | D        | Noticed a black mamba
  4124 | D        | Noticed a water moccasin
  4126 | D        | Killed a black mamba
  4127 | D        | Killed a black mamba
  4128 | D        | Killed a water moccasin
  4130 | D        | Killed a water moccasin
  4132 | D        | Killed a water moccasin
  4133 | D        | Killed a black mamba
  4137 | D        | Killed a water moccasin
  4209 | D        | Noticed a naga
  4209 | D        | Noticed a naga
  4210 | D        | Noticed a naga warrior
  4210 | D        | Noticed a greater naga
  4210 | D        | Found Zietasog's Book Boutique.
  4210 | D        | Found Xeudomah's Magic Scroll Emporium.
  4210 | D        | Found Xamaofyom's Antique Weapon Shop.
  4211 | D        | Killed a naga
  4212 | D        | Killed a naga
  4214 | D        | Killed a greater naga
  4215 | D        | Killed a naga warrior
  4238 | D        | Noticed a guardian serpent
  4240 | D        | Killed a guardian serpent
  4242 | D        | Got a serpentine rune of Zot
  4323 | D        | Noticed an azure jelly
  4323 | D        | Noticed an azure jelly
  4324 | D        | Noticed an elephant
  4324 | D        | Noticed an elephant
  4324 | D        | Noticed a dire elephant
  4324 | D        | Noticed a dire elephant
  4324 | D        | Noticed Gastronok
  4326 | D        | Killed Gastronok
  4326 | D        | Reached skill level 20 in Stealth
  4327 | D        | Killed a dire elephant
  4327 | D        | Reached XP level 13. HP: 55/55 MP: 34/34
  4329 | D        | Killed a dire elephant
  4333 | D        | Killed an elephant
  4342 | D        | Killed an elephant
  4785 | D        | Noticed an orc warrior
  4786 | D        | Found Wukkup's Distillery.
  4786 | D        | Noticed an orc priest
  4787 | D        | Noticed an orc priest
  4787 | D        | Noticed an orc warrior
  4787 | D        | Noticed an orc wizard
  4787 | D        | Noticed an orc wizard
  4787 | D        | Noticed an orc priest
  4787 | D        | Noticed an orc priest
  4787 | D        | Noticed an orc warrior
  4787 | D        | Noticed an orc priest
  4787 | D        | Noticed an orc high priest
  4787 | D        | Noticed an orc warrior
  4788 | D        | Killed an orc priest
  4791 | D        | Killed an orc priest
  4793 | D        | Killed an orc priest
  4797 | D        | Killed an orc warrior
  4797 | D        | Reached skill level 15 in Short Blades
  4799 | D        | Killed an orc high priest
  4804 | D        | Killed an orc warrior
  4810 | D        | Killed an orc wizard
  4822 | D        | Killed an orc wizard
  4826 | D        | Killed an orc priest
  4836 | D        | Killed an orc priest
  4838 | D        | Killed an orc warrior
  4842 | D        | Killed an orc warrior
  5151 | D        | Killed a yaktaur
  5249 | D        | Bought a polished dagger for 210 gold pieces
  5250 | D        | Identified the cursed +1 dagger "Pumerym" {speed, rPois rC- Str+2} (You bought it in a shop in the Dungeon)
  5391 | D        | Bought a scroll of identify for 20 gold pieces
  5391 | D        | Bought a scroll of identify for 20 gold pieces
  5391 | D        | Bought a scroll of enchant weapon for 75 gold pieces
  5391 | D        | Bought a scroll of blinking for 75 gold pieces
  5391 | D        | Bought 3 scrolls of enchant armour for 225 gold pieces
  5655 | D        | Bought a book of Geomancy for 420 gold pieces
  5658 | D        | Learned a level 2 spell: Stoneskin
  5662 | D        | Learned a level 3 spell: Stone Arrow
  5666 | D        | Learned a level 3 spell: Passwall
  5671 | D        | Learned a level 4 spell: Petrify
  5677 | D        | Learned a level 5 spell: Lee's Rapid Deconstruction
  5893 | D        | Noticed a deep elf summoner
  5893 | D        | Noticed a deep elf knight
  5893 | D        | Noticed a deep elf summoner
  5893 | D        | Noticed a deep elf summoner
  5893 | D        | Noticed a deep elf conjurer
  5909 | D        | Killed a deep elf knight
  5998 | D        | Killed a deep elf summoner
  5998 | D        | Reached skill level 1 in Transmutations
  6003 | D        | Killed a deep elf summoner
  6003 | D        | Reached skill level 1 in Earth Magic
  6031 | D        | Killed a deep elf summoner
  6047 | D        | Killed a deep elf conjurer
  6074 | D        | Noticed a deep elf demonologist
  6192 | D        | Noticed a deep elf annihilator
  6193 | D        | Noticed a deep elf high priest
  6196 | D        | Noticed a deep elf conjurer
  6201 | D        | Killed a deep elf conjurer
  6212 | D        | Killed a deep elf demonologist
  6221 | D        | Noticed a deep elf high priest
  6230 | D        | Noticed a deep elf demonologist
  6408 | D        | Noticed a Brimstone Fiend
  6409 | D        | Noticed a deep elf blademaster
  6753 | D        | Killed an azure jelly
  6753 | D        | Reached skill level 21 in Stealth
  6801 | D        | Demolished by an azure jelly

Vault maps used:
D:        dungeon_sprint_mu

Action                   |  1- 3 |  4- 6 |  7- 9 | 10-12 | 13-15 || total
-------------------------+-------+-------+-------+-------+-------++-------
Melee: Dagger            |    10 |    29 |    41 |   551 |   337 ||   968
Throw: Throwing net      |       |       |       |       |     2 ||     2
 Cast: Ensorcelled Hiber |     9 |       |    26 |    32 |    12 ||    79
       Dazzling Spray    |       |    10 |    11 |    38 |    52 ||   111
       Tukima's Dance    |       |       |     4 |     2 |     3 ||     9
       Confuse           |       |       |     1 |       |     5 ||     6
       Stone Arrow       |       |       |       |       |     9 ||     9
Invok: Shadow Step       |       |       |     1 |     8 |     1 ||    10
  Use: Scroll            |       |     3 |       |       |     7 ||    10
       Potion            |       |     3 |       |     2 |     4 ||     9
 Stab: Sleeping          |     4 |     2 |    27 |    56 |     7 ||    96
       Invisible         |       |     2 |     3 |     6 |     4 ||    15
       Confused          |       |       |     1 |       |     3 ||     4
       Held in net/web   |       |       |       |       |     1 ||     1
  Eat: Bread ration      |       |       |       |     1 |       ||     1
       Fruit             |       |       |       |       |     1 ||     1
